 Dungeon Crawl Stone Soup version 0.31.0-1-g2c135a0 (webtiles) character file.

Game seed: 10943469280664367418

437 RESIDENTGAMER the Trooper (level 6, -12/49 HPs)
             Began as a Demonspawn Cinder Acolyte on Mar 31, 2024.
             Was a Priest of Ignis.
             Mangled by Edmund
             ... wielding a +3 heavy flail
              (15 damage)
             ... on level 5 of the Dungeon.
             The game lasted 00:10:37 (3254 turns).

RESIDENTGAMER the Trooper (DsCA)                    Turns: 3254, Time: 00:10:38

Health: -12/49     AC:  8    Str: 16    XL:     6   Next: 69%
Magic:  0/7        EV:  7    Int: 15    God:    Ignis [***...]
Gold:   178        SH:  0    Dex:  8    Spells: 7/7 levels left

rFire   + + +        l - +2 quarterstaff (heavy)
rCold   x . .        (shield currently unavailable)
rNeg    . . .        m - +0 chain mail {rF+}
rPois   .            (helmet currently unavailable)
rElec   .            (cloak currently unavailable)
rCorr   .            (gloves currently unavailable)
SInv    .            (boots currently unavailable)
Will    .....        w - amulet of guardian spirit Stlth
                     e - ring of fire
HPRegen 0.28/turn    (no ring)
MPRegen 0.10/turn

%: guardian spirit
@: beast-form
A: beast (slay +0), hooves 2
a: Begin Untransformation, Renounce Religion, Fiery Armour, Foxfire Swarm,
Rising Flame


You were on level 5 of the Dungeon.
You worshipped Ignis.
Ignis was most pleased with you.
You were a hulking beast.
You visited 1 branch of the dungeon, and saw 5 of its levels.

You collected 178 gold pieces.

Inventory:

Hand Weapons
 a - a -1 falchion of flaming
 h - a +0 dagger of venom
 l - a +2 heavy quarterstaff (weapon)
Armour
 b - a +0 robe
 d - a +0 scale mail
 m - a +0 chain mail of fire resistance (worn)
Jewellery
 e - a ring of fire (left hand)
 w - an amulet of guardian spirit (around neck)
Talismans
 g - a beast talisman (active)
 s - a flux talisman
 D - a beast talisman (active)
Wands
 p - a wand of flame (10)
 z - a wand of iceblast (10)
Scrolls
 f - a scroll of poison {unknown}
 j - a scroll of silence
 k - 2 scrolls of blinking {unknown}
 n - a scroll of butterflies {unknown}
 q - 2 scrolls of revelation
 r - 2 scrolls of amnesia {unknown}
 u - a scroll of vulnerability {unknown}
 v - a scroll of fear {unknown}
 y - a scroll of teleportation {unknown}
 C - a scroll of enchant armour {unknown}
Potions
 i - a potion of invisibility
 o - a potion of lignification
 t - a potion of enlightenment {unknown}
 x - a potion of brilliance {unknown}
 A - a potion of might {unknown}
 B - a potion of cancellation {unknown}


   Skills:
 + Level 4.6 Fighting
 + Level 3.4 Long Blades
 + Level 2.7 Staves
 + Level 2.3 Armour
 + Level 0.8 Dodging
 + Level 0.8 Stealth
 + Level 1.0 Spellcasting
 + Level 3.2 Fire Magic
 + Level 0.1 Evocations
 + Level 1.2 Shapeshifting


You had 7 spell levels left.
You didn't know any spells.
Your spell library contained the following spells:

 Spells                   Type           Power      Damage    Failure   Level
 Scorch                   Fire           30%        2d6       77%         2
 Slow                     Hex            0%         N/A       97%         1
 Confusing Touch          Hex            0%         N/A       100%        3
 Ozocubu's Armour         Ice            0%         N/A       100%        3
 Sigil of Binding         Hex            0%         N/A       100%        3
 Vampiric Draining        Necr           0%         2d6       100%        3
 Metabolic Englaciation   Hex/Ice        0%         N/A       100%        5
 Sculpt Simulacrum        Ice/Alch       0%         N/A       100%        6


Dungeon Overview and Level Annotations

Branches:
Dungeon (5/15)             Temple (0/1) D:4

Altars:
Makhleb

Annotations:
D:5 Edmund


Innate Abilities, Weirdness & Mutations

You are a hulking beast.
Your limbs bulge with bestial killing power. (Slay +0)
You have hoof-like feet.


Message History

Blork the orc hits you from afar with a +0 glaive!
You sock the dart slug!
You kill the dart slug!
Blork the orc casts a spell at you. The puff of flame hits you. You resist.
Blork the orc hits you from afar with a +0 glaive!
You are too injured to fight recklessly!
You are too injured to fight recklessly!
You are too injured to fight recklessly!
You are too injured to fight recklessly!
Found 12 gold pieces.
Blork the orc closely misses you.
You sock Blork the orc! Your kick misses Blork the orc.
Blork the orc is moderately wounded.
Blork the orc barely misses you. x2
You closely miss Blork the orc.
Blork the orc is moderately wounded.
Blork the orc looks encouraged for a moment.
You sock Blork the orc! Your kick misses Blork the orc.
Blork the orc is heavily wounded.
Blork the orc closely misses you.
Blork the orc hits you with a +0 glaive!
* * * LOW HITPOINT WARNING * * *
You sock Blork the orc!
Blork the orc is severely wounded.
Blork the orc misses you. Blork the orc casts a spell at you.
The puff of flame hits you. You resist.
* * * LOW HITPOINT WARNING * * *
You sock Blork the orc!
You kill Blork the orc!
Edmund the Younger comes into view.
He is wielding a +3 heavy flail.
Edmund hits you with a +3 heavy flail!
* * * LOW HITPOINT WARNING * * *
A gnoll comes into view. It is wielding a +0 club.
Edmund hits you with a +3 heavy flail. Edmund hits you with a +3 heavy flail!
* * * LOW HITPOINT WARNING * * *
Edmund hits you with a +3 heavy flail!
You die...
Edmund says, "I'd like to see a scythe do that!"

.....##...
.##........
#.........
#........## .#
#....)))..# ..##
.#......).<#....#
.......)......#
..........##...#
.......h))# #..#
......)@.).# ..#
.........).......
..................
#...g.............
#......#........
#.......##......
##..... $####


You could see Edmund and a gnoll.

Vanquished Creatures
  Blork the orc (D:5)
  A scorpion (D:2)
  A jelly (D:4)
  A gnoll bouda (D:5)
  An orc priest (D:3)
  An iguana (D:5)
  Terence (D:2)
  Ijyb (D:5)
  Robin (D:5)
  3 adders
  3 gnolls (D:5)
  2 dart slugs
  2 ribbon worms
  10 orcs
  6 endoplasms
  4 giant cockroaches (D:2)
  9 goblins
  9 hobgoblins
  4 kobolds
  3 ball pythons
  3 bats
  5 frilled lizards
  A rat (D:2)
73 creatures vanquished.

Vanquished Creatures (others)
  21 foxfires
21 creatures vanquished.

Grand Total: 94 creatures vanquished

Notes
Turn   | Place    | Note
-------+----------+-------------------------------------------
     0 | D:1      | RESIDENTGAMER the Demonspawn Cinder Acolyte began the quest
                  | for the Orb.
     0 | D:1      | Reached XP level 1. HP: 18/18 MP: 2/2
   500 | D:1      | Gained mutation: You have large cloven feet. [demonic
                  | ancestry]
   500 | D:1      | Reached XP level 2. HP: 19/24 MP: 3/3
  1220 | D:2      | Noticed a scorpion
  1227 | D:2      | Killed a scorpion
  1228 | D:2      | Reached XP level 3. HP: 23/30 MP: 4/4
  1228 | D:2      | Reached XP level 4. HP: 28/37 MP: 5/5
  1431 | D:2      | Noticed Terence
  1436 | D:2      | Killed Terence
  1437 | D:2      | Reached skill level 4 in Fighting
  1580 | D:2      | Reached skill level 1 in Armour
  2058 | D:3      | Gained mutation: You have hoof-like feet. [demonic
                  | ancestry]
  2058 | D:3      | Reached XP level 5. HP: 42/42 MP: 6/6
  2069 | D:3      | Reached skill level 1 in Staves
  2671 | D:3      | Found a faded altar of an unknown god.
  2674 | D:3      | Found a burning altar of Makhleb.
  2829 | D:4      | Found a staircase to the Ecumenical Temple.
  2836 | D:4      | Identified the +0 sling of Rescuing Destruction {drain,
                  | rPois Str-3 Int+7 SInv}
  3183 | D:5      | Entered Level 5 of the Dungeon
  3183 | D:5      | Noticed Robin
  3183 | D:5      | Noticed Ijyb
  3185 | D:5      | Killed Robin
  3185 | D:5      | Killed Ijyb
  3186 | D:5      | Reached XP level 6. HP: 49/49 MP: 7/7
  3188 | D:5      | Reached skill level 1 in Shapeshifting
  3200 | D:5      | Noticed Blork the orc
  3212 | D:5      | Killed Blork the orc
  3242 | D:5      | Noticed Edmund
  3252 | D:5      | HP: 2/49 [Edmund/+3 heavy flail (7)]
  3254 | D:5      | Mangled by Edmund

Illustrated notes

Levels and vault maps discovered:
D:1:      zelgadis_glass_arrival_small, layout_basic
D:2:      layout_rooms, uniq_terence
D:3:      layout_loops_ring, nicolae_overflow_ecumenical_swirl,
          minmay_misc_feat_tower
D:4:      layout_rooms, minmay_temple_entry_statues_fountains
D:5:      layout_cave_pools, serial_undead, serial_undead_e, serial_undead_c,
          serial_undead_e, serial_undead_c, serial_undead_f, serial_undead_e,
          nicolae_stop_n_shop_1, nicolae_goblin_pals, uniq_edmund,
          uniq_blork_the_orc

Skill      XL: |  1  2  3  4  5  6 |
---------------+-------------------+-----
Long Blades    | 3 |  3.4
Fire Magic     | 3 |  3.2
Fighting       | 4 |  4.6
Armour         | 1 2 |  2.3
Staves         | 1 2 |  2.7
Shapeshifting  | 1 |  1.2
Dodging        | |  0.8
Stealth        | |  0.8
Spellcasting   | |  1.0
Evocations     | |  0.1

Action                     |  1- 3 |  4- 6 || total
---------------------------+-------+-------++-------
  Melee: Falchion          |    22 |       ||    22
         Quarterstaff      |     8 |    82 ||    90
         Kick              |     2 |    13 ||    15
         Punch             |     1 |       ||     1
 Invoke: Fiery Armour      |     1 |     1 ||     2
         Foxfire Swarm     |       |     3 ||     3
  Evoke: Wand              |       |     2 ||     2
    Use: Scroll            |       |     7 ||     7
 Armour: Scale mail        |    25 |    13 ||    38
         Chain mail        |       |    91 ||    91
  Dodge: Dodged            |    11 |    50 ||    61
   Form: Beast             |     1 |       ||     1
